Unix NetHack Version 5.0.0-0 post-release - last build May 17 2026 04:57:42 (dc50c8380fa5e20985bfe3072449f57b8d9895ef,branch:main).

Game began 2026-05-16 13:28:06, ended 2026-05-17 16:17:06.

Galadhan1, lawful female dwarven Valkyrie

           --------
           |......|
           |..>..G.################
           |@.f...|               #############              ----------------
           |.q^...|              -------------###############-..............|
           |%......#            #+C.........C.#              |..............|
           --.-----###          #|.....C.....|###############.........<.....|
                     #         ##|...-----...|               |..............|
                     #         # |...|.{.....|               ----------------
            ``       ############|..C|{.{|C..|
                               ##....|.{ |...|
                               # |...-----...|
                                 |.....C.....|
                                 .C.........C|
                                 -------------

Galadhan1 the Fighter       St:16 Dx:13 Co:18 In:8 Wi:9 Ch:10  Lawful
Dlvl:7  $:240 HP:0(84) Pw:13(13) AC:2  Xp:8 T:9085 

Latest messages:
 The large cat bites the mumak.
 The mumak misses the large cat.
 The mumak misses the large cat.
 The owlbear hits!
 The owlbear hits again!
 You are being crushed.
 You miss the owlbear.
 The large cat misses the mumak.
 The mumak is hit by an arrow!
 The owlbear hits!
 The owlbear hits again!
 You are being crushed.
 You hit the owlbear!
 You hit the owlbear!
 The large cat bites the mumak.
 The mumak butts the large cat.
 The mumak misses the large cat.
 The owlbear hits!
 The owlbear just misses!
 You are being crushed.
 What do you want to drink? [lO or ?*] *
 That is a silly thing to drink.
 What do you want to drink? [lO or ?*] *
 You feel much better.
 The large cat bites the mumak.
 The mumak butts the large cat.
 The mumak knocks your large cat backward with a forceful strike!
 The owlbear hits!
 The owlbear hits again!
 You are being crushed.
 You cannot escape from the owlbear!
 What do you want to drink? [lO or ?*] *
 You feel much better.
 The owlbear hits!
 The owlbear hits again!
 You are being crushed.
 You kill the owlbear!
 The mumak butts!
 The mumak bites!
 The large cat bites the mumak.
 The mumak misses the large cat.
 The mumak bites the large cat.
 The large cat misses the mumak.
 The mumak butts!
 You die...
 Do you want your possessions identified? [ynq] (y) y
 Do you want to see your attributes? [ynq] (y) y
 Do you want an account of creatures vanquished? [ynaq] (y) n
 Do you want to see your conduct and achievements? [ynq] (y) y
 Do you want to see the dungeon overview? [ynq] (y) y

Inventory:
 Coins    ('$')
  $ - 240 gold pieces
 Amulets  ('"')
  B - an uncursed amulet of reflection (being worn)
  n - a cursed amulet of restful sleep
 Weapons  (')')
  F - a blessed +0 dagger
  c - 3 +0 daggers (at the ready)
  a - a +1 dwarvish spear (weapon in right hand)
 Armor    ('[')
  h - an uncursed +0 orcish helm (being worn)
  G - an uncursed +0 pair of iron shoes (being worn)
  x - an uncursed +0 elven mithril-coat (being worn)
 Comestibles  ('%')
  R - an uncursed slime mold
  S - an uncursed fortune cookie
  Q - an uncursed tin of french fried dwarf meat
 Scrolls  ('?')
  V - a cursed scroll of confuse monster
  s - a cursed scroll of create monster
  M - a blessed scroll of destroy armor
  N - a cursed scroll of identify
  H - a blessed scroll of light
  K - an uncursed scroll of light
  z - a cursed scroll of punishment
  o - an uncursed scroll of remove curse
  k - a cursed scroll of remove curse
 Potions  ('!')
  l - a cursed potion of restore ability
 Rings    ('=')
  u - an uncursed ring of levitation
 Wands    ('/')
  g - a wand of make invisible (0:1)
 Tools    ('(')
  y - a blessed bag of holding containing 7 items
  e - an uncursed blindfold
  r - an uncursed brass lantern
  T - an uncursed leash
  U - an uncursed lock pick
  p - an uncursed mirror
  L - an uncursed saddle
  d - an uncursed skeleton key
  E - an uncursed tin opener
  P - an uncursed tin whistle
 Gems/Stones  ('*')
  D - an uncursed jade stone
  v - an uncursed worthless piece of blue glass
  I - an uncursed worthless piece of orange glass
  q - 3 uncursed worthless pieces of violet glass
  C - 3 uncursed worthless pieces of white glass
  J - an uncursed touchstone

Contents of the bag of holding:
  2000 gold pieces
  an uncursed scroll of enchant weapon
  2 blessed scrolls of identify
  an uncursed potion of see invisible
  a potion of holy water
  a wand of striking (0:0)
  a +0 pick-axe

Galadhan1 the Valkyrie's attributes:

Background:
 You were a Fighter, a level 8 dwarven Valkyrie.
 You were lawful, on a mission for Tyr
 who was opposed by Odin (neutral) and Loki (chaotic).
 You were right-handed.
 You were in the Dungeons of Doom, on level 7.
 You entered the dungeon 9085 turns ago.
 There was a new moon in effect when your adventure ended.
 You had 1646 experience points, 914 more were needed to attain level 9.

Basics:
 You had 0 out of 84 hit points.
 You had all 13 energy points (spell power).
 Your armor class was 2.
 Your wallet contained 240 zorkmids, and
 you had 2000 more stashed away in your pack.
 Autopickup was off.

Final Characteristics:
 Your strength was 16 (peak:18, limit:18/100).
 Your dexterity was 13 (limit:20).
 Your constitution was 18 (limit:20).
 Your intelligence was 8 (limit:16).
 Your wisdom was 9 (limit:16).
 Your charisma was 10 (limit:16).

Final Status:
 You weren't hungry.
 You were unencumbered.
 You were wielding a spear.
 You had expert skill with spear.

Final Attributes:
 You were piously aligned.
 You were cold resistant.
 You were poison resistant.
 You were telepathic.
 You had infravision.
 You were stealthy.
 You were guarded.
 You were fast.
 You had reflection.
 You are dead.

Miscellaneous:
 You encountered 1 bones level.
 Total elapsed playing time was 5 hours, 25 minutes and 50 seconds.

Major events:
 Turn
    1: Galadhan1 the lawful dwarven Valkyrie entered the dungeon
  763: entered the Gnomish Mines
 1541: attained the rank of Skirmisher (level 3)
 3344: reached Mine Town
 4636: attained the rank of Fighter (level 6)
 9085: killed by a mumak

You didn't know any spells.

Skills:
 Fighting Skills
   bare handed combat [Unskilled]
   two weapon combat  [Unskilled]
   riding             [Unskilled]
 Weapon Skills
   dagger             [Basic]
   axe                [Unskilled]
   pick-axe           [Unskilled]
   short sword        [Unskilled]
   broadsword         [Unskilled]
   long sword         [Unskilled]
   two-handed sword   [Unskilled]
   saber              [Unskilled]
   hammer             [Unskilled]
   quarterstaff       [Unskilled]
   polearms           [Unskilled]
   spear              [Expert]
   trident            [Unskilled]
   lance              [Unskilled]
   sling              [Unskilled]
 Spellcasting Skills
   attack spells      [Unskilled]
   escape spells      [Unskilled]

Voluntary challenges:
 Character rerolling was not enabled.
 You never genocided any monsters.
 You never polymorphed an object.
 You never changed form.
 You used no wishes.
Achievements:
 You entered the Gnomish Mines.
 You attained the rank of Skirmisher.
 You entered Minetown.
 You entered a shop.
 You entered a temple.
 You attained the rank of Fighter.

 The Dungeons of Doom: levels 1 to 7
    Level 1:
    Level 2:
       Stairs down to The Gnomish Mines.
    Level 3:
       A fountain, a sink.
    Level 4:
       An altar to Tyr, many fountains, many trees.
    Level 5:
       A fountain, a grave.
       Final resting place for
          gyrlande-Kni-Hum-Mal-Law, killed by a hill orc.
    Level 6:
       A tool shop, a fountain.
    Level 7: <- You were here.
       Many fountains.
       Final resting place for
          you, killed by a mumak.
 The Gnomish Mines: levels 3 to 6
    Level 3:
    Level 4:
    Level 5:
    Level 6:
       Many shops, a temple and an altar, some fountains.


Vanquished creatures:
  a flesh golem
  2 large mimics
  4 small mimics
  a giant beetle
  a quivering blob
  2 leprechauns
  a vampire bat
  2 owlbears
  2 dingoes
  a housecat
  a jaguar
  a blue jelly
  a snake
  a human zombie
  a bugbear
 an imp
  6 wood nymphs
  a water nymph
  3 rock piercers
  a rock mole
  a pony
  2 fog clouds
  2 yellow lights
  2 violet fungi
  a gnome leader
  a gnomish wizard
  a golden naga hatchling
  3 gray oozes
 an elf zombie
  3 straw golems
  a paper golem
 13 giant ants
  3 floating eyes
  2 dwarves
  a kobold shaman
 14 hill orcs
 15 rothes
  a rabid rat
  a centipede
  a giant bat
  2 iguanas
  3 coyotes
  3 hobbits
  a large kobold
  2 hobgoblins
  4 giant rats
  3 cave spiders
  a brown mold
  3 yellow molds
  a green mold
  a red mold
 15 gnomes
  4 geckos
  8 jackals
  3 kobolds
  a goblin
 12 grid bugs
  2 bats
  3 lichens
  a kobold zombie
 15 newts
191 creatures vanquished.

No species were genocided or became extinct.

Game over:
                       ----------
                      /          \
                     /    REST    \
                    /      IN      \
                   /     PEACE      \
                  /                  \
                  |    Galadhan1     |
                  |     2240 Au      |
                  |   killed by a    |
                  |      mumak       |
                  |                  |
                  |                  |
                  |       2026       |
                 *|     *  *  *      | *
        _________)/\\_//(\/(/\)/\//\/|_)_______

Farvel Galadhan1 the Valkyrie...

You died in The Dungeons of Doom on dungeon level 7 with 8874 points,
and 2240 pieces of gold, after 9085 moves.
You were level 8 with a maximum of 84 hit points when you died.

